[Event "Early-Titled-Tuesday-Blitz-January-16-2024"]
[Site "Chess.com"]
[Date "2024.01.16"]
[Round "2"]
[White "sofaceindisguise"]
[Black "falzehope0"]
[Result "1/2-1/2"]
[WhiteElo "2661"]
[BlackElo "2388"]
[TimeControl "180+1"]
[EndTime "8:20:23 PST"]
[Termination "Game drawn by repetition"]

1. e4 d5 2. exd5 Nf6 3. Nc3 Nxd5 4. Nge2 g6 5. g3 Bg7 6. Bg2 c6 7. O-O O-O 8. Re1 Na6 9. Nxd5 cxd5 10. d4 Bf5 11. c3 Rc8 12. Nf4 Nc7 13. h4 Qd7 14. h5 Be6 15. hxg6 hxg6 16. Bf3 Bf5 17. Kg2 b5 18. Rh1 e5 19. dxe5 Bxe5 20. Be3 Rfd8 21.
Bd4 Qd6 22. Qg1 Bxd4 23. cxd4 Qf6 24. Qh2 Qg7 25. Rae1 b4 26. Re5 Ne6 27. Nxd5 Rxd5 28. Bxd5 Nxd4 29. Re7 Be6 30. Bxe6 Nxe6 31. Rd1 Nf8 32.
Rdd7 Nxd7 33. Rxd7 Qe5 34. Qh4 Qxb2 35. Qf4 Rf8 36.
Rxa7 Qc3 37. Rc7 Qb2 38. Qc4 Qa3 39. Rb7 Qa8 40. Qd5 Kg7 41. Kg1 Kg8 42. Kf1 Qa6+ 43. Kg1 Qa8 44. Kh2 Kg7 45. Qd4+ Kg8 46. Rxb4 Qxa2 47.
Qf6 Qe6 48. Qb2 f6 49. Rb6 Qe5 50. Qc2 Qh5+ 51. Kg1 Rd8 52. Qc4+ Kh8 53. Kg2 Qd5+ 54. Qxd5 Rxd5 55. Rxf6 Kg7 56. Rb6 Rd7 57. f4 Rf7 58. Kf3 Re7 59. Kg4 Ra7 60. Rb5 Rc7 61. Kg5 Ra7 62.
g4 Rc7 63. Rb6 Rc5+ 64. Kh4 Rc7 65. Kg3 Rc3+ 66. Kf2 Rc2+ 67. Ke3 Rc3+ 68. Kd4 Rg3 69. g5 Rf3 70. Ke4 Rf1 71. Rb7+ Kg8 72. Ke5 Rf2 73. Rc7 Rf1 74. Kf6 Rxf4+ 75. Kxg6 Rf8 76. Rg7+ Kh8 77. Rf7 Ra8 78. Re7 Kg8 79. Re6 Rb8 80. Rd6 Ra8 81. Rd7 Ra6+ 82. Kf5 Rb6 83. Re7 Ra6 84. g6 Ra5+ 85. Kf6 Ra6+ 86. Kg5 Ra5+ 87. Kh6 Ra8 88. Rg7+ Kh8 89. Rh7+ Kg8 90. Rg7+ Kh8 91. Rd7 Kg8 92. Rd6 Rb8 93. Kg5 Rb1 94. Rd8+ Kg7 95. Rd7+ Kg8 96. Kf6 Rf1+ 97. Kg5 Rg1+ 98. Kh6 Rh1+ 99. Kg5 Rg1+ 100. Kf6 Re1 101. Rg7+ Kf8 102. Rh7 Rf1+ 103. Ke6 Re1+ 104. Kf5 Rf1+ 105. Ke6 Re1+ 106. Kf5 Rf1+ 107. Ke6 1/2-1/2

[Event "Early-Titled-Tuesday-Blitz-January-16-2024"]
[Site "Chess.com"]
[Date "2024.01.16"]
[Round "2"]
[White "ClayK1ng"]
[Black "AwareIdea"]
[Result "0-1"]
[WhiteElo "2307"]
[BlackElo "2543"]
[TimeControl "180+1"]
[EndTime "8:21:21 PST"]
[Termination "AwareIdea won by resignation"]

1. e4 e5 2. Nf3 Nc6 3. Bb5 Nf6 4.
O-O Nxe4 5. d4 Nd6 6. dxe5 Nxb5 7. a4 Nbd4 8. Nxd4 Nxd4 9. Qxd4 Be7 10. Nc3 O-O 11.
Nd5 Re8 12. Nxe7+ Qxe7 13. Bf4 b6 14. a5 Bb7 15. Rfd1 Bc6 16. b4 Qe6 17. Bg3 b5 18. c3 a6 19. Rd2 Qg6 20. Rad1 Re6 21. f3 Rae8 22. Qa7 h5 23. Qxc7 h4 24. Bxh4 Rxe5 25.
Bg3 Re2 26. Rxe2 Rxe2 27. Qd8+ Kh7 28. Qh4+ Kg8 29. Qd8+ Kh7 30. Qh4+ Qh6 31. Qxh6+ Kxh6 32. Rd6+ f6 33. Bf2 Rc2 34. Bd4 Kg6 35. g4 Kf7 36. f4 Rg2+ 37. Kf1 Rxg4 38. Be3 Rh4 39. Rd2 Rh3 40.
Bd4 Ke6 41. Re2+ Kf5 42. Re7 Rh7 43. Kg1 Kg6 44. Be3 Rh3 45. Bd4 Rf3 46. Be3 Kf5 47.
Bd2 g6 48. Be3 Rh3 49. Bd2 Rh8 50. Re3 Be4 51. Rg3 Rc8 52. h3 Rc6 53. Kf2 Rd6 54. Ke1 Re6 55. Re3 Rd6 56. Rg3 Rc6 57. Kd1 Rc8 58.
Ke1 Rh8 59. Kd1 d5 60. Ke1 Rh6 61. Kf2 Rh4 62. Ke1 Rh8 63. Kf2 Rc8 64. Ke1 Rc4 65. Kf2 d4 66. cxd4 Rxd4 67. Ke1 Rd5 68. Kd1 Rd7 69.
Ke1 Bd3 70. Kf2 Bc4 71. Ke1 Re7+ 72. Kd1 Re4 73. Kc1 Re2 74. Kd1 Rh2 75. Re3 Rh1+ 76. Kc2 Rh2 77. Rc3 Bf1 78. Rc6 Rxh3 79. Rxa6 Bd3+ 80.
Kb2 Bc4 81. Bc3 Rh2+ 82. Kc1 Ra2 83. Rxf6+ Ke4 84. a6 Kd3 85. Be5 Rxa6 86. Kb2 Ra2+ 87. Kb1 Rg2 88. f5 g5 89. Rg6 Ke4 90. Bd6 Kxf5 91. Rg8 g4 92. Bc5 Ke4 93. Kc1 Kf3 94. Kd1 Ra2 95. Ke1 g3 96. Rf8+ Kg2 97. Rg8 Re2+ 98.
Kd1 Re6 99. Kd2 Kf3 100. Rf8+ Ke4 101. Rg8 Kf3 102. Rf8+ Kg2 103. Rg8 Rf6 104. Ke3 Rf3+ 105. Kd4 Kf1 106. Ke4 Kg2 107. Rh8 Rf7 108. Rg8 Kh2 109. Rh8+ Kg2 110. Rg8 Rd7 111. Be3 Bxg8 0-1

[Event "Early-Titled-Tuesday-Blitz-January-16-2024"]
[Site "Chess.com"]
[Date "2024.01.16"]
[Round "2"]
[White "oganromchess"]
[Black "margarita_2703"]
[Result "1/2-1/2"]
[WhiteElo "2527"]
[BlackElo "2297"]
[TimeControl "180+1"]
[EndTime "8:21:29 PST"]
[Termination "Game drawn by stalemate"]

1. e4 e5 2. Nf3 Nc6 3. d4 exd4 4.
Nxd4 Bb4+ 5. c3 Bc5 6. Na3 Bxa3 7. bxa3 Nf6 8. Bd3 Qe7 9. O-O d6 10. Re1 O-O 11. Bg5 h6 12. Bh4 Re8 13. Nxc6 bxc6 14.
Qf3 Qe5 15. Bg3 Qe6 16. e5 dxe5 17. Rxe5 Qd7 18. Rd1 Rxe5 19. Bxe5 Qe7 20. Bxf6 Qxf6 21. Qe4 g6 22. Qe8+ Kg7 23. Bc4 Bb7 24. Qd7 c5 25. Qxc7 Be4 26. Qxc5 Re8 27. f3 Bf5 28. Qd4 Qxd4+ 29. cxd4 Be6 30. d5 Rd8 31. Kf2 Bf5 32.
Re1 Bd7 33. Re7 Kf6 34. d6 Be6 35. Bxe6 fxe6 36. Rxa7 Rxd6 37. Ke3 Rb6 38. Kf2 Rb2+ 39. Kg3 Rxa2 40. a4 h5 41. h4 Ra3 42. a5 Ra4 43. Ra8 Kg7 44. a6 e5 45. Kf2 Ra3 46. g3 Kh7 47. a7 Kg7 48. Ke2 Kh7 49. Kd2 Kg7 50. Kc2 Kh7 51. Kb2 Ra6 52. Kb3 Ra1 53. Kc4 Kg7 54. Kd5 Ra5+ 55. Ke6 Kh7 56. Kf6 Ra6+ 57. Kg5 Kg7 58. Re8 Rxa7 59. Rxe5 Rf7 60. f4 Kh7 61. f5 gxf5 62. Rxf5 Rg7+ 63. Kf4 Rg4+ 64.
Kf3 Rb4 65. Rxh5+ Kg6 66. Rg5+ Kh6 67. Kg2 Rb2+ 68. Kh3 Rb3 69. Rg4 Rc3 70. Rf4 Rd3 71. Ra4 Rc3 72. Ra6+ Kh5 73. Ra5+ Kh6 74. Kg4 Rc4+ 75.
Kf3 Rc3+ 76. Kf4 Rc4+ 77. Kf5 Kh5 78. Re5 Rg4 79. Kf6+ Kh6 80. Rg5 Ra4 81. Rg8 Ra6+ 82. Kf5 Ra5+ 83. Kg4 Ra4+ 84. Kh3 Ra3 85. Rd8 Kh5 86.
Rd5+ Kh6 87. Rf5 Rb3 88. Kg4 Rb4+ 89. Rf4 Rb5 90. h5 Rg5+ 91. Kf3 Rxh5 92. Rh4 Rxh4 93. gxh4 Kh5 94. Kg3 Kh6 95. Kh3 Kh7 96. Kg4 Kh8 97. Kg5 Kg8 98. h5 Kh8 99. h6 Kg8 100. Kg6 Kh8 101. h7 1/2-1/2

[Event "Early-Titled-Tuesday-Blitz-January-16-2024"]
[Site "Chess.com"]
[Date "2024.01.16"]
[Round "2"]
[White "adotand"]
[Black "Real_taiatai"]
[Result "0-1"]
[WhiteElo "2882"]
[BlackElo "2510"]
[TimeControl "180+1"]
[EndTime "8:21:33 PST"]
[Termination "Real_taiatai won by resignation"]

1. Nf3 Nf6 2. e3 g6 3. c4 Bg7 4.
d4 O-O 5. Nc3 d5 6. Be2 c5 7.
O-O Nc6 8. h3 cxd4 9. exd4 dxc4 10. Bxc4 Bf5 11. Be3 Ne4 12. Rc1 Rc8 13. Bd3 Nxc3 14.
bxc3 Bxd3 15. Qxd3 e5 16. d5 Ne7 17. c4 b6 18. Qa3 Qd7 19. Rfd1 Nf5 20. c5 bxc5 21. Bxc5 Rfd8 22. Qxa7 e4 23. Qxd7 Rxd7 24. Ng5 Bh6 25. Nxe4 Rdc7 26. Rc4 Bf8 27. Rdc1 Nd6 28. Nf6+ Kg7 29.
Bxd6 Rxc4 30. Rxc4 Rxc4 31. Ne8+ Kg8 32. Nf6+ Kg7 33.
Bxf8+ Kxf8 34. Nxh7+ Ke7 35. Ng5 Rd4 36. h4 Rxd5 37.
g3 Ra5 38. Kg2 Rxa2 39. Nh3 Kf6 40. Kf3 Ra3+ 41. Kg4 Ra4+ 42. f4 Kg7 43. h5 gxh5+ 44. Kxh5 Ra3 45. Kg4 Kf6 46. Ng5 Ra1 47. Ne4+ Kg7 48.
Kg5 Ra3 49. g4 Ra5+ 50. f5 Ra4 51. Nf6 Ra6 52. Nh5+ Kh7 53. Nf4 Rb6 54. Nd5 Ra6 55.
Kf4 Kg7 56. Ke5 Ra5 57. g5 Kf8 58. Ke4 Ra1 59. Nf6 Re1+ 60. Kd5 Rf1 61. Ke5 Re1+ 62. Ne4 Rf1 63. Kf6 Rd1 64. Nf2 Rd4 65. Ke5 Ra4 66. Ne4 Ra5+ 67. Kf4 Ra4 68. Kf3 Ra3+ 69. Kf2 Ra5 70.
Ng3 Kg7 71. Kf3 Ra3+ 72. Kg4 Ra4+ 73. Kh5 Ra5 74. f6+ Kf8 75. Ne2 Kg8 76. Nf4 Ra4 77.
Nd5 Ra1 78. Kg4 Rg1+ 79. Kf5 Rf1+ 80. Nf4 Kh7 81. Kg4 Kg8 82. Nd3 Rd1 83. Ne5 Re1 84. Kf4 Rf1+ 85. Nf3 Kh7 86. Kg4 Rf2 87. Kg3 Ra2 88. Ne5 Ra3+ 89. Kf4 Kg8 90. Kf5 Ra5 91. Ke4 Ra4+ 92. Kd5 Ra1 93. Kd6 Rd1+ 94. Ke7 Re1 95.
Kd6 Rd1+ 96. Kc5 Rg1 97. g6 fxg6 98. Kd6 Kf8 99. Ke6 Re1 100. Kd5 g5 101. Nf3 Rd1+ 102. Ke4 g4 103. Ne5 Re1+ 104. Kf4 Rxe5 105. Kxe5 g3 0-1

[Event "Early-Titled-Tuesday-Blitz-January-16-2024"]
[Site "Chess.com"]
[Date "2024.01.16"]
[Round "3"]
[White "ahmedkandiliii"]
[Black "Dinosaurio_1975"]
[Result "0-1"]
[WhiteElo "2449"]
[BlackElo "2646"]
[TimeControl "180+1"]
[EndTime "8:22:58 PST"]
[Termination "Dinosaurio_1975 won by resignation"]

1. e4 c6 2. d4 d5 3. exd5 cxd5 4. Bd3 Nc6 5. c3 Qc7 6. Nf3 Bg4 7. O-O e6 8. a4 Bd6 9. Na3 Bxh2+ 10. Kh1 Bd6 11. Nb5 Qd8 12. Nxd6+ Qxd6 13. Re1 Nge7 14. Nh2 Bxd1 0-1

[Event "Early-Titled-Tuesday-Blitz-January-16-2024"]
[Site "Chess.com"]
[Date "2024.01.16"]
[Round "3"]
[White "Martial2008"]
[Black "Fandorine"]
[Result "0-1"]
[WhiteElo "2727"]
[BlackElo "2997"]
[TimeControl "180+1"]
[EndTime "8:23:23 PST"]
[Termination "Fandorine won by resignation"]

1. d4 Nf6 2. Nf3 g6 3. Bg5 Bg7 4. Nbd2 O-O 5. c3 d6 6. e4 Nc6 7. Bd3 Qe8 8. O-O e5 9. dxe5 Nxe5 10. Nxe5 Qxe5 11. Nf3 Qa5 12. Re1 Bg4 13. h3 Bxf3 14. Qxf3 Qxg5 0-1

[Event "Early-Titled-Tuesday-Blitz-January-16-2024"]
[Site "Chess.com"]
[Date "2024.01.16"]
[Round "3"]
[White "Allion2017"]
[Black "UK_23"]
[Result "0-1"]
[WhiteElo "2018"]
[BlackElo "2372"]
[TimeControl "180+1"]
[EndTime "8:23:38 PST"]
[Termination "UK_23 won by resignation"]

1. d4 d5 2. e4 c6 3. Nc3 dxe4 4.
Nxe4 Nf6 5. Nxf6+ exf6 6. Nf3 Bd6 7. Be2 O-O 8. O-O Bg4 9. c4 Nd7 10. Be3 Re8 11. h3 Bh5 12. Qc2 Nf8 13. Rad1 Bc7 14. Rfe1 Qd6 15. g3 Rxe3 16. c5 Rxe2 0-1

[Event "Early-Titled-Tuesday-Blitz-January-16-2024"]
[Site "Chess.com"]
[Date "2024.01.16"]
[Round "3"]
[White "ClayK1ng"]
[Black "CaspiIsrael"]
[Result "0-1"]
[WhiteElo "2305"]
[BlackElo "2633"]
[TimeControl "180+1"]
[EndTime "8:23:47 PST"]
[Termination "CaspiIsrael won by resignation"]

1. e4 d5 2. exd5 Qxd5 3. Nc3 Qd6 4. d4 Nf6 5. Bd3 Nc6 6. Nge2 e5 7. Bb5 Bd7 8. dxe5 Qxd1+ 9. Nxd1 Nxe5 10. Bxd7+ Nfxd7 11. O-O O-O-O 12. Ne3 Bc5 13. Rd1 Rhe8 14. b3 g6 15. a4 c6 16. Ba3 Bxe3 17. fxe3 Ng4 0-1

[Event "Early-Titled-Tuesday-Blitz-January-16-2024"]
[Site "Chess.com"]
[Date "2024.01.16"]
[Round "3"]
[White "OriTaichman"]
[Black "SHIVACalypso"]
[Result "1/2-1/2"]
[WhiteElo "2655"]
[BlackElo "2470"]
[TimeControl "180+1"]
[EndTime "8:24:21 PST"]
[Termination "Game drawn by repetition"]

1. e4 e6 2. d4 d5 3. Nc3 Nf6 4. Bg5 Be7 5. e5 Nfd7 6. Bxe7 Kxe7 7. f4 Re8 8. Qg4 Kf8 9. Bd3 Kg8 10. Nf3 c5 11.
Bxh7+ Kxh7 12. Ng5+ Kg8 13. Qh5 Nf8 14. Qxf7+ Kh8 15.
Nb5 Qa5+ 16. c3 Qxb5 17. Qh5+ Kg8 18. Qf7+ Kh8 19. Qh5+ Kg8 20. Qf7+ Kh8 1/2-1/2

[Event "Early-Titled-Tuesday-Blitz-January-16-2024"]
[Site "Chess.com"]
[Date "2024.01.16"]
[Round "3"]
[White "Franmu14"]
[Black "AryanTari"]
[Result "0-1"]
[WhiteElo "2684"]
[BlackElo "2921"]
[TimeControl "180+1"]
[EndTime "8:24:22 PST"]
[Termination "AryanTari won by resignation"]

1. e4 a6 2. d4 e6 3. Nc3 d5 4. exd5 exd5 5. Bf4 Nf6 6. Qd3 Bd6 7. Bxd6 Qxd6 8. O-O-O O-O 9. Nge2 b5 10. f3 Nbd7 11.
g4 Nb6 12. Ng3 Nc4 13. Kb1 Qb4 14. b3 Qa3 15. Na4 bxa4 16. bxc4 Rb8+ 0-1

[Event "Early-Titled-Tuesday-Blitz-January-16-2024"]
[Site "Chess.com"]
[Date "2024.01.16"]
[Round "3"]
[White "Timerkhanov"]
[Black "GMFYHR1"]
[Result "1-0"]
[WhiteElo "2662"]
[BlackElo "2455"]
[TimeControl "180+1"]
[EndTime "8:24:42 PST"]
[Termination "Timerkhanov won by resignation"]

1. d4 d5 2. Nf3 Bf5 3. g3 Nf6 4. Bg2 e6 5. O-O c5 6. c4 Nc6 7. Nc3 dxc4 8. Qa4 Be7 9. dxc5 Bxc5 10. Ne5 O-O 11. Nxc6 bxc6 12. Qxc4 Qe7 13. Bg5 Bb6 14. e4 1-0

[Event "Early-Titled-Tuesday-Blitz-January-16-2024"]
[Site "Chess.com"]
[Date "2024.01.16"]
[Round "3"]
[White "Chess_Caio2007"]
[Black "DuleMudule"]
[Result "1-0"]
[WhiteElo "2532"]
[BlackElo "2820"]
[TimeControl "180+1"]
[EndTime "8:24:46 PST"]
[Termination "Chess_Caio2007 won by resignation"]

1. d4 d5 2. c4 Nc6 3. e3 e5 4. dxe5 d4 5. a3 a5 6. Nf3 Bg4 7. Be2 Bc5 8. exd4 Bxf3 9. Bxf3 Qxd4 10. O-O Nge7 11. Nc3 O-O 12. Nb5 Qxc4 13. Nxc7 Rad8 14. Qe2 Qxe2 15. Bxe2 Nxe5 16. Bg5 Rd2 17. Bxd2 1-0

[Event "Early-Titled-Tuesday-Blitz-January-16-2024"]
[Site "Chess.com"]
[Date "2024.01.16"]
[Round "3"]
[White "Caroexpert"]
[Black "ChessBliss09"]
[Result "1-0"]
[WhiteElo "2547"]
[BlackElo "2087"]
[TimeControl "180+1"]
[EndTime "8:24:59 PST"]
[Termination "Caroexpert won by checkmate"]

1. d4 Nf6 2. Nf3 d5 3. Bf4 c5 4.
e3 e6 5. Nbd2 Nc6 6. c3 Bd6 7.
Bg3 O-O 8. Bd3 a6 9. Qe2 b5 10. Rd1 c4 11. Bb1 b4 12. e4 bxc3 13. bxc3 Be7 14. e5 Nd7 15. h4 Qa5 16. Bxh7+ Kxh7 17. Ng5+ Bxg5 18. hxg5+ Kg8 19. Qh5 f5 20. g6 Qxc3 21. Qh7# 1-0

[Event "Early-Titled-Tuesday-Blitz-January-16-2024"]
[Site "Chess.com"]
[Date "2024.01.16"]
[Round "3"]
[White "tptagain"]
[Black "BursaBBSatranc"]
[Result "1-0"]
[WhiteElo "2960"]
[BlackElo "2714"]
[TimeControl "180+1"]
[EndTime "8:25:00 PST"]
[Termination "tptagain won by resignation"]

1. Nf3 d5 2. d4 Nf6 3. e3 Bg4 4. h3 Bxf3 5. Qxf3 c6 6. c4 e6 7. Bd3 Nbd7 8. O-O Bd6 9. Nc3 O-O 10.
cxd5 exd5 11. g4 Qe7 12. g5 Ne4 13. Bxe4 Qxg5+ 14. Qg2 1-0

[Event "Early-Titled-Tuesday-Blitz-January-16-2024"]
[Site "Chess.com"]
[Date "2024.01.16"]
[Round "3"]
[White "Ellaijio_B"]
[Black "FARIZA2018"]
[Result "1-0"]
[WhiteElo "2800"]
[BlackElo "2504"]
[TimeControl "180+1"]
[EndTime "8:25:16 PST"]
[Termination "Ellaijio_B won by resignation"]

1. e4 e5 2. Nc3 Nf6 3. f4 d5 4.
Qe2 exf4 5. d4 dxe4 6. Nxe4 Nxe4 7. Qxe4+ Be7 8. Bxf4 O-O 9. Nf3 Bb4+ 10. c3 Re8 11.
Ne5 Bf8 12. Bc4 Be6 13. Bxe6 Rxe6 14. Qxb7 Nc6 15. O-O Nxe5 16. Bxe5 c5 17. Qxf7+ 1-0

[Event "Early-Titled-Tuesday-Blitz-January-16-2024"]
[Site "Chess.com"]
[Date "2024.01.16"]
[Round "3"]
[White "Durarbayli"]
[Black "Cheer_Down"]
[Result "1-0"]
[WhiteElo "2839"]
[BlackElo "2527"]
[TimeControl "180+1"]
[EndTime "8:25:23 PST"]
[Termination "Durarbayli won by checkmate"]

1. c4 e6 2. e4 d5 3. exd5 exd5 4. d4 Nf6 5. Nc3 Bb4 6. cxd5 O-O 7. Bd3 Nxd5 8. Ne2 Nd7 9. O-O Nxc3 10. bxc3 Bd6 11. Ng3 g6 12. Ne4 Be7 13. Bh6 Re8 14. Qf3 Nf6 15. Bc4 Be6 16. Bxe6 fxe6 17. Nxf6+ Bxf6 18. Qxb7 Qd5 19. Qxc7 Rec8 20. Qf4 Bg7 21. Bxg7 Kxg7 22. Qe3 Rc6 23. Rfb1 Rac8 24. Rb7+ Kh8 25. Qh6 R6c7 26. Rxc7 Rxc7 27. Qf8# 1-0

[Event "Early-Titled-Tuesday-Blitz-January-16-2024"]
[Site "Chess.com"]
[Date "2024.01.16"]
[Round "3"]
[White "sucof4reve"]
[Black "MusicCityMaster"]
[Result "0-1"]
[WhiteElo "2011"]
[BlackElo "2426"]
[TimeControl "180+1"]
[EndTime "8:25:29 PST"]
[Termination "MusicCityMaster won by resignation"]

1. e4 e6 2. d4 d5 3. Nc3 Bb4 4. e5 c5 5. a3 Bxc3+ 6. bxc3 Ne7 7. Qg4 Qc7 8. Qxg7 Rg8 9. Qxh7 cxd4 10. Ne2 dxc3 11. f4 Nbc6 12. Be3 Bd7 13. h4 O-O-O 14. h5 Nf5 15. Qxf7 Nxe3 16. Kf2 Rdf8 17. Qh7 Nf5 18. g4 Qb6+ 19. Ke1 Rg7 0-1

[Event "Early-Titled-Tuesday-Blitz-January-16-2024"]
[Site "Chess.com"]
[Date "2024.01.16"]
[Round "3"]
[White "SnekkerAndersen"]
[Black "MITerryble"]
[Result "0-1"]
[WhiteElo "2638"]
[BlackElo "3023"]
[TimeControl "180+1"]
[EndTime "8:25:31 PST"]
[Termination "MITerryble won by resignation"]

1. d4 e6 2. e4 d5 3. Nc3 Nf6 4. e5 Nfd7 5. f4 c5 6. Nf3 Nc6 7. Be3 Be7 8. Qd2 O-O 9. dxc5 Qa5 10. O-O-O b6 11. Bb5 Nb4 12. a3 bxc5 13. Kb1 Nb6 14.
axb4 cxb4 15. Nxd5 Nxd5 16. Bc6 Nc3+ 17. bxc3 bxc3 18. Ba4 Rb8+ 19. Bb3 cxd2 20. Nxd2 0-1

[Event "Early-Titled-Tuesday-Blitz-January-16-2024"]
[Site "Chess.com"]
[Date "2024.01.16"]
[Round "3"]
[White "igorkovalenko"]
[Black "Iball95"]
[Result "0-1"]
[WhiteElo "2997"]
[BlackElo "2753"]
[TimeControl "180+1"]
[EndTime "8:25:34 PST"]
[Termination "Iball95 won by resignation"]

1. c4 e6 2. Nf3 d5 3. g3 Nf6 4. Bg2 c5 5. O-O Nc6 6. b3 Be7 7. e3 O-O 8. Qe2 b6 9. Bb2 Bb7 10. d3 Re8 11. Nbd2 Qc7 12. Rad1 Rad8 13. a3 a6 14. h3 b5 15. g4 Qb6 16. g5 Nh5 17. cxd5 exd5 18. b4 c4 19. h4 Bd6 20.
Nd4 Nf4 21. Qg4 Nxd3 22. Ba1 Nxd4 23. Bxd4 Qc7 24. Nf3 Bc8 25. Qh5 g6 26. Qh6 Bf8 0-1

[Event "Early-Titled-Tuesday-Blitz-January-16-2024"]
[Site "Chess.com"]
[Date "2024.01.16"]
[Round "3"]
[White "DefiantChair"]
[Black "AsselLesbekova"]
[Result "1-0"]
[WhiteElo "2561"]
[BlackElo "2294"]
[TimeControl "180+1"]
[EndTime "8:25:34 PST"]
[Termination "DefiantChair won by resignation"]

1. e4 e5 2. Nf3 Nf6 3. d4 Nxe4 4. Bd3 d5 5. Nxe5 Nd7 6. Nxd7 Bxd7 7. O-O Bd6 8. Nc3 Nxc3 9. bxc3 O-O 10. Qh5 f5 11. Bg5 Qe8 12. Qf3 c6 13. Rab1 b6 14. Bf4 Bxf4 15.
Qxf4 Qg6 16. Rfe1 Rae8 17. Qc7 Qf7 18. Qxa7 b5 19. Rxe8 Rxe8 20. a4 bxa4 21. Rb7 Re1+ 22.
Bf1 Re7 23. Qxa4 Be8 24. Rb8 c5 25. dxc5 g6 26. c6 Kg7 27. Qd4+ Kh6 28. Rb7 Rxb7 29. cxb7 Qxb7 30. Qe3+ 1-0

[Event "Early-Titled-Tuesday-Blitz-January-16-2024"]
[Site "Chess.com"]
[Date "2024.01.16"]
[Round "3"]
[White "Druid24"]
[Black "GrigorGrigorov"]
[Result "0-1"]
[WhiteElo "2708"]
[BlackElo "2943"]
[TimeControl "180+1"]
[EndTime "8:25:39 PST"]
[Termination "GrigorGrigorov won by resignation"]

1. e4 c6 2. d4 d5 3. e5 Bf5 4. h4 h5 5. Bd3 Bxd3 6. Qxd3 Qa5+ 7. Nd2 e6 8. Nf3 Nh6 9. O-O Nf5 10. c4 Be7 11. a4 O-O 12. g3 Rd8 13. b3 c5 14. Ba3 Nc6 15. dxc5 Bxc5 16. Bxc5 Qxc5 17.
Rac1 dxc4 18. Qxc4 Qb6 19. Qf4 Ncd4 20. Rfd1 Ne2+ 0-1

[Event "Early-Titled-Tuesday-Blitz-January-16-2024"]
[Site "Chess.com"]
[Date "2024.01.16"]
[Round "3"]
[White "pavet"]
[Black "dropstoneDP"]
[Result "1/2-1/2"]
[WhiteElo "2779"]
[BlackElo "3043"]
[TimeControl "180+1"]
[EndTime "8:25:52 PST"]
[Termination "Game drawn by agreement"]

1. e4 e5 2. Nf3 Nf6 3. Nxe5 d6 4. Nf3 Nxe4 5. d3 Nf6 6. d4 d5 7. Bd3 Bd6 8. Qe2+ Be7 9. O-O O-O 10. Bf4 c5 11. c3 Nc6 12. dxc5 Bxc5 13. Nbd2 Re8 14. Qd1 Bg4 15. Qc2 Rc8 16. Rae1 Rxe1 17. Rxe1 d4 18.
Ne5 Nxe5 19. Bxe5 dxc3 20. Bxc3 Bd4 21. Ne4 Nxe4 22. Bxe4 Bxc3 23. bxc3 g6 24. Bxb7 Rc7 25. Be4 Be6 26. h3 Qf6 27. Re3 Kg7 28. Qd2 Rc4 29. Bd5 Bxd5 30. Qxd5 Rxc3 31. Rxc3 Qxc3 32. g3 1/2-1/2

[Event "Early-Titled-Tuesday-Blitz-January-16-2024"]
[Site "Chess.com"]
[Date "2024.01.16"]
[Round "3"]
[White "GroovyKettle"]
[Black "SlipperySpeedster"]
[Result "1-0"]
[WhiteElo "2937"]
[BlackElo "2698"]
[TimeControl "180+1"]
[EndTime "8:26:00 PST"]
[Termination "GroovyKettle won by resignation"]

1. e4 e5 2. Nf3 Nf6 3. Nxe5 d6 4. Nf3 Nxe4 5. d3 Nf6 6. d4 d5 7. Bd3 Bd6 8. Qe2+ Qe7 9. Qxe7+ Kxe7 10. O-O Re8 11.
Nbd2 Kf8 12. c3 c6 13. h3 Kg8 14. Re1 Rxe1+ 15. Nxe1 Nbd7 16. Ndf3 Nf8 17. Nc2 Bd7 18.
a4 Re8 19. a5 Ng6 20. Be3 Nf4 21. Bf1 Bf5 22. Nb4 Be4 23. a6 Nxh3+ 24. gxh3 Bxf3 25. axb7 Bxb4 26. Bf4 Nd7 27. cxb4 g5 28. Bc7 a5 29. b5 1-0

[Event "Early-Titled-Tuesday-Blitz-January-16-2024"]
[Site "Chess.com"]
[Date "2024.01.16"]
[Round "3"]
[White "mbchess97"]
[Black "whitemirrorninja"]
[Result "0-1"]
[WhiteElo "2279"]
[BlackElo "2499"]
[TimeControl "180+1"]
[EndTime "8:26:12 PST"]
[Termination "whitemirrorninja won by resignation"]

1. c4 b6 2. Nf3 Bb7 3. g3 f5 4.
Bg2 Nf6 5. O-O e6 6. Nc3 h5 7. d4 h4 8. Nxh4 Bxg2 9. Kxg2 Nc6 10. Bg5 Be7 11. Ng6 Rh5 12. Nxe7 Qxe7 13. Bf4 g5 14.
Be5 Nxe5 15. dxe5 Ng4 16. h3 Nxe5 17. e4 g4 18. exf5 Rxh3 19. Qd4 Rh2+ 20. Kxh2 Qh7+ 0-1

[Event "Early-Titled-Tuesday-Blitz-January-16-2024"]
[Site "Chess.com"]
[Date "2024.01.16"]
[Round "3"]
[White "Danito1954"]
[Black "Chessbard1972"]
[Result "0-1"]
[WhiteElo "2140"]
[BlackElo "2406"]
[TimeControl "180+1"]
[EndTime "8:26:17 PST"]
[Termination "Chessbard1972 won by checkmate"]

1. e4 c5 2. Nc3 a6 3. d4 cxd4 4.
Qxd4 Nc6 5. Qd3 Nf6 6. Bf4 d6 7.
O-O-O Qa5 8. Kb1 g6 9. h4 h5 10. f3 Bg7 11. Nge2 O-O 12. Rg1 Be6 13. a3 b5 14. Qd2 b4 15. Na2 Rfb8 16. axb4 Qxa2+ 17. Kc1 Qa1# 0-1

[Event "Early-Titled-Tuesday-Blitz-January-16-2024"]
[Site "Chess.com"]
[Date "2024.01.16"]
[Round "3"]
[White "klimkoj"]
[Black "koncheto"]
[Result "1-0"]
[WhiteElo "2870"]
[BlackElo "2590"]
[TimeControl "180+1"]
[EndTime "8:26:19 PST"]
[Termination "klimkoj won by resignation"]

1. e4 c5 2. Nf3 d6 3. d4 cxd4 4. Nxd4 Nf6 5. Nc3 Nc6 6. f3 a6 7. Be3 e6 8. Qd2 Be7 9. O-O-O Qc7 10. g4 b5 11. g5 Nd7 12. f4 Bb7 13. Bg2 Na5 14. Kb1 Rc8 15. f5 Nc5 16. fxe6 fxe6 17. Qc1 b4 18. Nce2 e5 19. Nf5 O-O 20. Bxc5 d5 21. Nxe7+ 1-0

[Event "Early-Titled-Tuesday-Blitz-January-16-2024"]
[Site "Chess.com"]
[Date "2024.01.16"]
[Round "3"]
[White "Yushko_Olga"]
[Black "Willi_Skibbe"]
[Result "0-1"]
[WhiteElo "2107"]
[BlackElo "2398"]
[TimeControl "180+1"]
[EndTime "8:26:19 PST"]
[Termination "Willi_Skibbe won by resignation"]

1. d4 d5 2. c4 e6 3. cxd5 exd5 4.
Nc3 c6 5. Bg5 Qxg5 6. Nf3 Qd8 7.
e3 Nf6 8. Rc1 Be7 9. Bd3 Bg4 10.
Qb3 Qb6 11. Qc2 Bh5 12. Ne5 Nbd7 13. f3 Nxe5 14. dxe5 Qxe3+ 15. Ne2 Nd7 16. e6 fxe6 17. Bxh7 Ne5 18. Rd1 Bb4+ 19. Kf1 O-O-O 20. a3 Bc5 21. Ng3 Rxh7 22. b4 Bb6 23. a4 Bg6 0-1

[Event "Early-Titled-Tuesday-Blitz-January-16-2024"]
[Site "Chess.com"]
[Date "2024.01.16"]
[Round "3"]
[White "Genghis_K"]
[Black "doctorcristian"]
[Result "1-0"]
[WhiteElo "2852"]
[BlackElo "2561"]
[TimeControl "180+1"]
[EndTime "8:26:22 PST"]
[Termination "Genghis_K won by resignation"]

1. e4 c6 2. d4 d5 3. exd5 cxd5 4. Bd3 Nf6 5. h3 Qc7 6. Nf3 g6 7. O-O Nc6 8. c3 Bf5 9. Be2 h6 10. Na3 a6 11. Nc2 Bg7 12. Ne3 Be6 13. Re1 O-O 14. Bd3 Rad8 15. a4 Bc8 16. Qe2 Ne8 17. Ng4 Kh7 18. Nge5 Nxe5 19. Nxe5 Nd6 20. h4 Bf5 21. h5 Qc8 22. hxg6+ fxg6 23. Bf4 Bxd3 24.
Nxd3 Rf7 25. Qe6 Qxe6 26. Rxe6 Nc4 27. Bg3 g5 28. Rae1 Bf6 29. b3 Na5 30. Bc7 Nc6 31. Rxc6 Rc8 32. Rc5 b5 33. axb5 axb5 34. Be5 1-0

[Event "Early-Titled-Tuesday-Blitz-January-16-2024"]
[Site "Chess.com"]
[Date "2024.01.16"]
[Round "3"]
[White "MIss_MIaMI"]
[Black "AlexLongson"]
[Result "1-0"]
[WhiteElo "2422"]
[BlackElo "2166"]
[TimeControl "180+1"]
[EndTime "8:26:22 PST"]
[Termination "MIss_MIaMI won by resignation"]

1. e4 e5 2. Nf3 Nc6 3. d4 exd4 4. c3 d5 5. exd5 Qxd5 6. Nxd4 Nxd4 7. cxd4 Nf6 8. Nc3 Bb4 9. Qa4+ Bd7 10. Qxb4 Qh5 11.
Be2 Qg6 12. Bf3 Qd3 13. Be3 a5 14. Qxb7 O-O 15. Rd1 Qc2 16. Qb3 1-0